AoeStats
← aggromouse

Arena

508335310Analyzed
1v1 RM · 10d ago on Sep 22, 2026· 46m 56s· 2 players
Game mode
Random Map
Map size
Tiny (2 player)
Population
200
Speed
Normal
Resources
Standard
Victory
Conquest
Starting age
Dark Age
Ending age
Imperial Age
RankedLock teamsTeams togetherTeam positionsShared explorationLock speedFull tech treeHidden civsTurbo modeCheats
Victory
Defeat
🇺🇸 Goths · United States
1198
+15
🇺🇸 Mongols · United States
1175
-15
aggromouse
10:53 Feudal Age
10:18 Loom
12:39 Double-Bit Axe
15:01 Castle Age
15:59 Bow Saw
15:30 Horse Collar
24:30 Wheelbarrow
24:57 Fortified Wall
27:50 Masonry
30:17 Hand Cart
29:47 Town Watch
30:14 Heavy Plow
31:17 Gold Mining
34:51 Imperial Age
32:26 Stone Mining
33:12 Gold Shaft Mining
32:28 Fletching
33:11 Bloodlines
33:02 Husbandry
34:09 Scale Barding Armor
34:00 Bodkin Arrow
34:15 Forging
33:58 Light Cavalry
34:52 Cavalier
35:53 Chain Barding Armor
35:52 Devotion
37:47 Capped Ram
40:02 Iron Casting
39:01 Hussar
42:09 Blast Furnace
41:10 Bracer
41:31 Conscription
41:43 Padded Archer Armor
41:57 Siege Ram
42:54 Thumb Ring
43:15 Parthian Tactics
42:34 Hussar
44:39 Chemistry
44:41 Hoardings
45:18 Leather Archer Armor
vijayanandsmail
10:26 Feudal Age
9:14 Loom
14:29 Castle Age
13:44 Double-Bit Axe
14:42 Stone Mining
15:12 Horse Collar
21:36 Scale Mail Armor
24:54 Gold Mining
25:32 Forging
30:13 Sanctity
30:08 Fervor
30:44 Squires
34:10 Imperial Age
32:11 Town Watch
33:11 Bow Saw
33:52 Heavy Plow
35:45 Wheelbarrow
35:11 Town Patrol
35:15 Pikeman
36:24 Chain Mail Armor
37:15 Anarchy
37:18 Perfusion
37:39 Conscription
38:37 Iron Casting
37:53 Fletching
41:02 Blast Furnace
39:49 Halberdier
41:10 Scale Barding Armor
41:01 Bodkin Arrow
44:02 Chain Barding Armor
43:43 Bracer
43:44 Padded Archer Armor
44:33 Stone Shaft Mining
43:35 Elite Huskarl
43:48 Elite Huskarl
44:34 Sappers
Connection lost

Rejoining the realm…

Still unreachable

The connection could not be restored.

Session expired

The server has moved on; the page needs a fresh start.